 Dungeon Crawl Stone Soup version 0.28-a0-1518-gbe868bca14 (webtiles) character file.

Game seed: 11947159770074985713

32 melkoren the Insei (level 3, 0/27 HPs)
             Began as a Merfolk Transmuter on Jan 16, 2022.
             Was a Follower of Fedhas.
             Slain by an adder (1 damage)
             ... on level 2 of the Dungeon.
             The game lasted 00:07:33 (2020 turns).

melkoren the Insei (Merfolk Transmuter)             Turns: 2020, Time: 00:07:34

Health: 0/27       AC:  2    Str: 12    XL:     3   Next: 25%
Magic:  6/6        EV: 13    Int: 12    God:    Fedhas [*.....]
Gold:   105        SH:  0    Dex: 14    Spells: 5/6 levels left

rFire   . . .      SeeInvis .     - Unarmed
rCold   . . .      Faith    .   (no shield)
rNeg    . . .      Spirit   .   a - +0 robe
rPois   .          Reflect  .   (no helmet)
rElec   .          Harm     .   (no cloak)
rCorr   .          Rampage  .   (no gloves)
Will    .....                   (no boots)
Stlth   +.........              (no amulet)
HPRegen 0.09/turn               (no ring)
MPRegen 0.10/turn               (no ring)

@: lethally poisoned (0 -> -5)
A: (nimble swimmer 2), mertail
a: Renounce Religion


You were on level 2 of the Dungeon.
You worshipped Fedhas.
Fedhas was aware of your devotion.
You visited 1 branch of the dungeon, and saw 2 of its levels.

You collected 105 gold pieces.


Innate Abilities, Weirdness & Mutations

((You are very nimble when in or above water. (Stealth+, EV+, Speed+++)))
Your lower body shifts to a powerful aquatic tail in water.


   Skills:
 + Level 1.9 Fighting
 + Level 3.3 Dodging
 + Level 3.6 Unarmed Combat
 - Level 2.0 Spellcasting
 + Level 3.3 Transmutations


You had 5 spell levels left.
You knew the following spells:

 Your Spells              Type           Power      Damage    Failure   Level
b - Beastly Appendage     Tmut           18%        N/A       7%          1

Your spell library contained the following spells:

 Spells                   Type           Power      Damage    Failure   Level
 Wereblood                Tmut           9%         N/A       11%         2
 Spider Form              Tmut/Pois      5%         N/A       38%         3
 Ice Form                 Ice/Tmut       5%         N/A       80%         4

Inventory:

Hand Weapons
 k - a +0 dagger
   (You took it off a goblin on level 2 of the Dungeon)
Missiles
 c - 18 sling bullets
 d - 9 boomerangs (quivered)
 f - 39 stones
Armour
 a - a +0 robe (worn)
Scrolls
 e - a scroll of fear
 h - a scroll of vulnerability {unknown}
 j - a scroll of enchant armour {unknown}

Dungeon Overview and Level Annotations

Branches:
Dungeon (2/15)

Altars:
Fedhas

Annotations:
D:2 1 runed translucent door, Crazy Yiuf

*#######...#######...##
*........#......#.###.##
#.######...####..## ##.##
**#......[#.## #.## ##.#
*.....###.### #.# #.#
*.###.###.# #.## ##.# #,*
#..##.# ##.## ##.##
#.###..##.#########.###..##
#......##.#.@...# ##...##.#
**#.......#.S...# ###>#.##
####.####.....# ####.####
###.# #.....# #.......#
#...# #.....# #.##.##.#
#.########.### #.##.##.#
#.# #.....#### #.##.##.#
#.# #.###....# #.##.##.#
#.# #.# #.##.# #.......#


You could see an adder.


Message History

An adder comes into view.
No target in view!
The adder hisses angrily.
You aren't carrying any potions.
As you read the scroll labelled EPUSID UN OSA, it crumbles to dust.
It is a scroll of identify.
e - a scroll of fear
As you read the scroll labelled QUG POEPTESAFAN, it crumbles to dust.
You feel strangely unstable.
It was a scroll of teleportation.
As you read the scroll labelled SAIS WUIWNAEJE, it crumbles to dust.
You feel aware of your surroundings.
It was a scroll of magic mapping.
Okay, then.
You barely miss the adder. The adder bites you.
You are poisoned.
The adder poisons you! The adder bites you.
You are more poisoned.
The adder poisons you! 😕 HP[-2]
You take 2 damage, and now have 25/27 hp.
You closely miss the adder.
You feel very sick. The adder bites you.
You are more poisoned.
The adder poisons you! 😮 HP[-5]
You take 5 damage, and now have 20/27 hp.
You hit the adder.
You feel very sick. The adder misses you. 😮 HP[-3]
You take 3 damage, and now have 17/27 hp.
You completely miss the adder.
Your surroundings suddenly seem different.
You feel very sick. 😮 HP[-3]
You take 3 damage, and now have 14/27 hp.
You start resting.
You feel sick. x8
You are no longer poisoned.
An adder is nearby!
An adder is nearby! 😕 HP[+8]
You regained 8 hp, and now have 22/27 hp.
An adder is nearby!
Throw: 9 boomerangs
Press: ? - help, Q - select action, (/) - cycle Shift-Dir - straight line, f - adder
Aim: an adder (wandering, hasn't noticed you, 38% to hit)
You throw a boomerang. The adder hisses angrily.
The boomerang hits the adder.
Throw: 9 boomerangs
Press: ? - help, Q - select action, (/) - cycle Shift-Dir - straight line, f/p - adder
Aim: an adder (lightly wounded, 38% to hit)
You throw a boomerang.
The boomerang hits the adder but does no damage.
Throw: 9 boomerangs
Press: ? - help, Q - select action, (/) - cycle Shift-Dir - straight line, f/p - adder
Aim: an adder (lightly wounded, 38% to hit)
You throw a boomerang. The boomerang hits the adder.
Throw: 9 boomerangs
Press: ? - help, Q - select action, (/) - cycle Shift-Dir - straight line, f/p - adder
Aim: an adder (heavily wounded, 38% to hit)
You throw a boomerang.
The boomerang hits the adder but does no damage.
The adder bites you. 😮 HP[-3]
You take 3 damage, and now have 19/27 hp.
You miss the adder. The adder completely misses you.
You hit the adder. Your punch misses the adder. The adder bites you.
You are poisoned.
The adder poisons you! 😮 HP[-1]
You take 1 damage, and now have 18/27 hp.
You hit the adder but do no damage.
You feel sick. The adder bites you.
* * * LOW HITPOINT WARNING * * *
The adder bites you.
* * * LOW HITPOINT WARNING * * *
😨 HP[-7]
You take 7 damage, and now have 11/27 hp.
MASSIVE DAMAGE!! (PAUSE)
You barely miss the adder.
You feel sick. The adder barely misses you. 😨 HP[-1]
You take 1 damage, and now have 10/27 hp.
You miss the adder.
You feel sick. The adder bites you.
* * * LOW HITPOINT WARNING * * *
You are lethally poisoned!
The adder poisons you! 😱 HP[-4]
You take 4 damage, and now have 6/27 hp.
You miss the adder.
* * * LOW HITPOINT WARNING * * *
You feel sick. The adder bites you.
* * * LOW HITPOINT WARNING * * *
😱 HP[-3]
You take 3 damage, and now have 3/27 hp.
You completely miss the adder.
* * * LOW HITPOINT WARNING * * *
You feel sick. The adder bites you.
You die...
Fedhas appreciates your contribution to the ecosystem.

Skill      XL: |  1 |
---------------+----+-----
Dodging        | 3 |  3.3
Transmutations | 3 |  3.3
Fighting       | |  1.9
Unarmed Combat | |  3.6
Spellcasting   | |  2.0

Action                   || total
-------------------------++-------
Melee: Unarmed           ||   107
       Headbutt          ||     7
       Punch             ||     1
Throw: Boomerang         ||     8
 Cast: Beastly Appendage ||    11
  Use: Scroll            ||     3
 Stab: Sleeping          ||     2
Armor: Robe              ||    24
Dodge: Dodged            ||    75

Levels and vault maps discovered:
D:1:      psy_arrival_fountain, layout_rooms, shapermc_ecumenical_altar_ellora,
          minivault_19
D:2:      layout_loops_cross, corexii_shack, uniq_crazy_yiuf_cottage

Notes
Turn   | Place    | Note
-------+----------+-------------------------------------------
     0 | D:1      | melkoren the Merfolk Transmuter began the quest for the
                  | Orb.
     0 | D:1      | Reached XP level 1. HP: 15/15 MP: 3/3
     0 | D:1      | magus.rc [v1.11.3]
   433 | D:1      | Reached skill level 3 in Dodging
   433 | D:1      | Reached skill level 3 in Transmutations
   433 | D:1      | Reached XP level 2. HP: 20/21 MP: 5/5
   882 | D:1      | Found a faded altar of an unknown god.
   914 | D:1      | Prayed at the altar of an unknown god.
   914 | D:1      | Became a worshipper of Fedhas Madash
   914 | D:1      | Reached * piety under Fedhas
   915 | D:1      | magus.rc [v1.11.3]
  1242 | D:2      | Reached XP level 3. HP: 23/27 MP: 6/6
  1722 | D:2      | Found a runed translucent door.
  1723 | D:2      | Noticed Crazy Yiuf
  1802 | D:2      | HP: 6/27 [poisoned by an adder]
  2018 | D:2      | HP: 6/27 [adder (3)]
  2020 | D:2      | HP: 1/27 [poisoned by an adder]
  2020 | D:2      | Slain by an adder

Vanquished Creatures
  A bat (D:1)
  3 endoplasms
  2 giant cockroaches (D:1)
  4 goblins
  3 hobgoblins (D:1)
  4 jackals (D:2)
  4 ball pythons
  A frilled lizard (D:2)
  2 kobolds
  3 rats (D:2)
27 creatures vanquished.

Vanquished Creatures (others)
  2 plants (D:1)
2 creatures vanquished.

Grand Total: 29 creatures vanquished

Table legend:
 A = Non-vault XP
 B = Vault XP
 C = Vault XP percentage of total XP
 D = Non-vault monster count
 E = Vault monster count
 F = Vault count percentage of total count
                 A         B        C        D         E       F
            +---------+---------+-------+---------+---------+-------
      Total |      46 |       0 |   0.0 |      27 |       0 |   0.0
            +---------+---------+-------+---------+---------+-------
        D:1 |      24 |       0 |   0.0 |      14 |       0 |   0.0
        D:2 |      22 |       0 |   0.0 |      13 |       0 |   0.0
            +---------+---------+-------+---------+---------+-------

Illustrated notes

Table legend:
 A = Kills in this place as a percentage of kills in entire the game.
 B = Kills by you in this place as a percentage of kills by you in the entire game.
 C = Kills by friends in this place as a percentage of kills by friends in the entire game.
 D = Other kills in this place as a percentage of other kills in the entire game.
 E = Experience gained in this place as a percentage of experience gained in the entire game.
 F = Experience gained in this place divided by the number of levels of this place that you have seen.
                   A       B       C       D       E      F
               +-------+-------+-------+-------+-------+----------------------
         Total | 100.0 | 100.0 |   N/A |   N/A | 100.0 |  23.0
       Dungeon | 100.0 | 100.0 |   N/A |   N/A | 100.0 |  23.0
               +-------+-------+-------+-------+-------+----------------------

Table legend: (Time is in decaauts)
 A = Elapsed time spent in this place.
 B = Non-inter-level travel time spent in this place.
 C = Inter-level travel time spent in this place.
 D = Time resting spent in this place.
 E = Time spent auto-exploring this place.
 F = Levels seen in this place.
 G = Mean time per level.
                   A        B        C        D        E       F      G
               +--------+--------+--------+--------+--------+-----+--------+
         Total |   2018 |   1968 |     50 |    568 |   1086 |   2 | 1009.0 |
       Dungeon |   2018 |   1968 |     50 |    568 |   1086 |   2 | 1009.0 |
               +--------+--------+--------+--------+--------+-----+--------+

Top non-repeatable levels by time:
     D:1: 1102 daAuts
     D:2: 916 daAuts
